 Dungeon Crawl Stone Soup version 0.19-a0-1661-ge641b2b (webtiles) character file.

1481 AlphabetPasta the Sneak (level 8, 0/69 HPs)
             Began as a Deep Elf Assassin on Sept 20, 2016.
             Was a Follower of Dithmenos.
             Slain by an orc priest
             ... wielding a +0 flail of protection
              (1 damage)
             ... on level 7 of the Dungeon.
             The game lasted 00:47:28 (6463 turns).

AlphabetPasta the Sneak (Deep Elf Assassin)         Turns: 6463, Time: 00:47:31

Health: 0/69       AC: 25    Str:  8    XL:     8   Next: 50%
Magic:  13/13      EV:  2    Int: 17    God:    Dithmenos [*.....]
Gold:   425        SH:  5    Dex: 18    Spells: 0 memorised, 12 levels left

rFire  . . .     SeeInvis .     c - +0 long sword
rCold  + . .     Gourm    .     (armour currently unavailable)
rNeg   + + +     Faith    .     E - +0 buckler
rPois  +         Spirit   .     (helmet currently unavailable)
rElec  .         Dismiss  +     (cloak currently unavailable)
rCorr  .         Reflect  .     (gloves currently unavailable)
MR     .....     Harm     .     (boots currently unavailable)
Stlth  ++++++.... NoTele   +    j - amulet of dismissal
                                n - +1 ring of protection
                                z - ring of protection from cold

@: tree-form, wreathed by umbra
A: no striking features
a: Renounce Religion


You were on level 7 of the Dungeon.
You worshipped Dithmenos.
Dithmenos was aware of your devotion.
You were hungry.
You were a tree.
You visited 2 branches of the dungeon, and saw 8 of its levels.

You collected 425 gold pieces.

Inventory:

Hand Weapons
 a - a +3 dagger
 b - a +0 blowgun
 c - a +0 long sword (weapon)
 D - a +0 rapier
Missiles
 e - 15 poisoned needles
 u - a curare-tipped needle
Armour
 d - a +0 cloak (melded)
 p - a +1 pair of boots (melded)
 t - a +0 helmet (melded)
 B - a +0 robe (melded)
 E - a +0 buckler (worn)
Jewellery
 j - an amulet of dismissal (around neck)
 m - a +3 ring of intelligence
 n - a +1 ring of protection (right branch)
 x - an uncursed ring of positive energy
 z - a ring of protection from cold (left branch)
Wands
 F - a wand of lightning (5/15)
Scrolls
 h - 2 scrolls of teleportation
 k - a scroll of blinking
 q - 4 scrolls of identify
 w - 2 scrolls of enchant weapon
 y - 2 scrolls of remove curse
Potions
 f - a potion of flight
 l - a potion of resistance
 s - a potion of brilliance
 C - 2 potions of mutation {unknown}
Comestibles
 g - 4 bread rations
 i - 6 fruits
 o - a beef jerky
 r - a chunk of flesh
 A - 2 meat rations
 G - a slice of pizza


   Skills:
 + Level 3.5 Fighting
 * Level 6.0 Short Blades
 + Level 4.4 Throwing
 + Level 4.4 Dodging
 + Level 6.6 Stealth
 * Level 1.7 Shields
 - Level 2.5 Spellcasting
 + Level 3.2 Invocations


You had 12 spell levels left.
You didn't know any spells.

Dungeon Overview and Level Annotations

Branches:
Dungeon (7/15)             Temple (1/1) D:4

Altars:
Cheibriados
Dithmenos
Elyvilon
Gozag
Hepliaklqana
Kikubaaqudgha
Nemelex Xobeh
Okawaru
Qazlal
Ru
Trog
Uskayaw
Vehumet
Yredelemnul
Zin

Shops:
D:4 =   D:5 }

Annotations:
D:2 Jessica, Sigmund
D:6 Dowan, Duvessa


Message History

The orc priest is heavily wounded.
The orc barely misses you.
You riposte.
You are feeling hungry.
You barely miss the orc.
The orc is heavily wounded.
The orc priest invokes the aid of Beogh against you.
Beogh smites you! The orc barely misses you. You block the orc's attack.
The orc barely misses you. The orc hits you with a whip.
* * * LOW HITPOINT WARNING * * *
The orc priest mumbles some strange prayers to Beogh against you.
Beogh smites you!
* * * LOW HITPOINT WARNING * * *
The orc barely misses you.
You riposte.
You barely miss the orc.
You turn into a tree.
Your +0 cloak melds into your body.
Your +0 helmet melds into your body.
Your +1 pair of boots melds into your body.
Your +0 robe melds into your body.
Your roots penetrate the ground.
You feel strangely stable. The orc hits you but does no damage.
The orc priest hits you with a flail of protection.
You die...

....... #..#
... .......
##.## ....
#......
#..##....
#.....#
#.........
..
#.........
...#
#..###....
.....####.##
...
#.....o#..#
.. #...†♣.##
. ###.ooo#
##...# ###.#
..# ... ##.
..


You could see an orc priest and 3 orcs.

Vanquished Creatures
  Grinder (D:6)
  2 ice beasts
  An orc warrior (D:5)
  A sky beast (D:5)
  An ogre (D:7)
  A centaur (D:7)
  A bullfrog (D:6)
  A crimson imp (D:7)
  A bullfrog zombie (D:5)
  A centaur skeleton (D:7)
  A hound (D:7)
  An orc wizard (D:5)
  2 gnoll shamans (D:5)
  A bullfrog skeleton (D:5)
  5 worker ants
  Robin (D:2)
  A worker ant zombie (D:5)
  6 gnolls (D:5)
  8 adders
  3 oozes
  3 adder skeletons
  3 worms
  6 leopard geckos
  15 orcs
  8 bats
  4 giant cockroaches
  17 goblins
  6 hobgoblins
  10 jackals
  14 kobolds
  4 quokkas
  4 frilled lizards
  A leopard gecko zombie (D:6)
  5 rats
140 creatures vanquished.

Notes
Turn   | Place    | Note
-------+----------+-------------------------------------------
     0 | D:1      | AlphabetPasta the Deep Elf Assassin began the quest for the Orb.
     0 | D:1      | Reached XP level 1. HP: 12/12 MP: 3/3
   171 | D:1      | Reached skill level 1 in Spellcasting
   174 | D:1      | Reached XP level 2. HP: 16/16 MP: 3/5
   545 | D:1      | Reached XP level 3. HP: 21/21 MP: 7/7
  1312 | D:2      | Noticed Jessica
  1400 | D:2      | Reached XP level 4. HP: 15/26 MP: 7/9
  1610 | D:2      | Noticed Sigmund
  1704 | D:2      | Noticed Robin
  1720 | D:2      | Reached skill level 5 in Stealth
  1934 | D:2      | Killed Robin
  2141 | D:3      | Reached XP level 5. HP: 28/30 MP: 10/10
  2170 | D:3      | Found a sparkling altar of Nemelex Xobeh.
  2873 | D:4      | Found a staircase to the Ecumenical Temple.
  2902 | Temple   | Entered the Ecumenical Temple
  2911 | Temple   | Became a worshipper of Dithmenos the Shadowed
  3064 | D:4      | Found Xakhlovuepp's Jewellery Shoppe.
  3178 | D:4      | Found an opulent altar of Gozag.
  3182 | D:4      | Found a stormy altar of Qazlal.
  3183 | D:4      | Found a radiant altar of Vehumet.
  3439 | D:4      | Reached XP level 6. HP: 32/36 MP: 11/11
  3669 | D:4      | Upgraded the game from 0.19-a0-1655-gdd95918 to 0.19-a0-1661-ge641b2b
  3670 | D:5      | Entered Level 5 of the Dungeon
  3750 | D:5      | Found Veih's Gadget Shop.
  4072 | D:5      | Noticed a sky beast
  4075 | D:5      | Killed a sky beast
  4075 | D:5      | Reached skill level 1 in Invocations
  4238 | D:5      | Noticed an orc warrior
  4266 | D:5      | Killed an orc warrior
  4266 | D:5      | Reached XP level 7. HP: 40/40 MP: 12/12
  4530 | D:5      | Reached skill level 5 in Short Blades
  4803 | D:5      | Reached * piety under Dithmenos
  5353 | D:6      | Noticed Duvessa
  5353 | D:6      | Noticed Dowan
  5576 | D:7      | Reached XP level 8. HP: 45/46 MP: 13/13
  5632 | D:7      | Found a hazy altar of Hepliaklqana.
  5691 | D:6      | Noticed Grinder
  5696 | D:6      | Killed Grinder
  5696 | D:6      | Reached skill level 1 in Shields
  6462 | D:7      | HP: 1/46 [orc priest/divine providence (10)]
  6463 | D:7      | Slain by an orc priest

Vault maps used:
D:1:      dpeg_arrival_tiny_j
D:2:      uniq_jessica, uniq_sigmund, uniq_robin
D:3:      lemuel_crystal_altar, first_bread
D:4:      kennysheep_big_flooded_room, grunt_temple_overflow_open, serial_shops,
          shop_fountains
D:5:      serial_shops, kennysheep_mini
D:6:      minmay_ogre_servants, uniq_prince_ribbit1, uniq_duvessa, uniq_grinder
D:7:      old_standard_altar
Temple:   dshaligram_water_room_temple

Skill      XL: |  1  2  3  4  5  6  7  8 |
---------------+-------------------------+-----
Spellcasting   | 1 2 |  2.5
Dodging        | 2 3 4 |  4.4
Fighting       | 2 3 |  3.5
Stealth        | 5 6 |  6.6
Short Blades   | 3 4 5 6 |  6.0
Throwing       | 3 4 |  4.4
Invocations    | 1 2 3 |  3.2
Shields        | 1 |  1.7

Action                   |  1- 3 |  4- 6 |  7- 9 || total
-------------------------+-------+-------+-------++-------
Melee: Dagger            |   117 |   265 |    36 ||   418
       Long sword        |       |       |   164 ||   164
 Fire: Blowgun           |    17 |    36 |    43 ||    96
Throw: Tomahawk          |       |     3 |       ||     3
  Use: Scroll            |     4 |    12 |     5 ||    21
       Potion            |       |     4 |     2 ||     6
 Stab: Sleeping          |     7 |     7 |     7 ||    21
       Distracted        |       |     1 |       ||     1
  Eat: Chunk             |     2 |     4 |     5 ||    11
       Meat ration       |       |     1 |       ||     1
       Pizza             |       |       |     1 ||     1
Armor: Robe              |    29 |    85 |    52 ||   166
       Skin              |       |       |     1 ||     1
Dodge: Dodged            |    78 |   213 |   166 ||   457
Block: Buckler           |       |       |    18 ||    18
